 Dungeon Crawl Stone Soup version 0.26.1-11-gd32895ea62 (webtiles) character file.

Game seed: 4423740844752427867

5986 Zeld the Transmogrifier (level 10, -7/69 HPs)
             Began as an Octopode Transmuter on May 26, 2021.
             Was an Initiate of Gozag.
             Mangled by a yak (17 damage)
             ... on level 8 of the Dungeon.
             The game lasted 00:19:16 (17192 turns).

Zeld the Transmogrifier (Octopode Transmuter)      Turns: 17192, Time: 00:19:16

Health: -7/69      AC:  1    Str: 13    XL:     10   Next: 85%
Magic:  22/22      EV: 16    Int: 16    God:    Gozag
Gold:   71         SH:  5    Dex: 12    Spells: 5/26 levels left

rFire    . . .     SeeInvis .     - Unarmed
rCold    . . .     Faith    .   (no shield)
rNeg     . . .     Spirit   .   (helmet restricted)
rPois    .         Reflect  +   f - amulet of reflection
rElec    .         Harm     .   (no ring)
rCorr    .         Rampage  .   (no ring)
Will     .....                  (no ring)
Stlth    ++........             (no ring)
HPRegen  0.21/turn              (no ring)
MPRegen  0.18/turn              (no ring)
                                (no ring)
                                (no ring)

@: gold aura
A: almost no armour, stealthy swim, amphibious, 8 rings, constrict 8, camouflage
1, screaming 1, gelatinous body 1
a: Renounce Religion, Potion Petition, Call Merchant, Bribe Branch


You were on level 8 of the Dungeon.
You worshipped Gozag.
Gozag was noncommittal.
You visited 2 branches of the dungeon, and saw 10 of its levels.
You also visited: Ossuary.

You collected 500 gold pieces.
You spent 280 gold pieces at shops.
You paid 149 gold pieces to Gozag.

Inventory:

Jewellery
 f - an amulet of reflection (around mantle)
 h - an uncursed amulet of magic regeneration {unknown}
Wands
 v - a wand of disintegration (9)
Scrolls
 a - a scroll of vulnerability {unknown}
 b - 5 scrolls of teleportation
 c - a scroll of holy word
 e - 2 scrolls of amnesia
 g - 2 scrolls of fear
 i - 5 scrolls of remove curse
 s - 5 scrolls of enchant weapon
 t - a scroll of identify
 u - 3 scrolls of magic mapping
Potions
 d - 2 potions of might {unknown}
 j - 3 potions of flight {unknown}
 k - a potion of heal wounds {unknown}
 l - a potion of cancellation {unknown}
 m - a potion of invisibility {unknown}
 n - 2 potions of attraction {unknown}
 o - a potion of haste {unknown}
 q - 3 potions of curing {unknown}
 r - a potion of mutation {unknown}


   Skills:
 + Level 6.4 Fighting
 + Level 6.9 Dodging
 - Level 3.0 Unarmed Combat
 * Level 8.7 Spellcasting
 * Level 9.5 Transmutations


You had 5 spell levels left.
You knew the following spells:

 Your Spells              Type           Power        Failure   Level
a - Beastly Appendage     Tmut           74%          1%          1
b - Wereblood             Tmut           37%          1%          2
c - Spider Form           Tmut/Pois      11%          4%          3
d - Ice Form              Ice/Tmut       22%          14%         4
e - Blade Hands           Tmut           18%          6%          5
f - Hydra Form            Tmut           18%          32%         6

Your spell library contained the following spells:

 Spells                   Type           Power        Failure   Level
 Freeze                   Ice            28%          11%         1
 Shock                    Conj/Air       28%          11%         1
 Petrify                  Tmut/Erth      22%          14%         4
 Swiftness                Air            7%           16%         2
 Confusing Touch          Hex            7%           30%         3
 Frozen Ramparts          Ice            14%          30%         3
 Gell's Gravitas          Tloc           3%           30%         3
 Ozocubu's Armour         Ice            7%           30%         3
 Static Discharge         Conj/Air       7%           30%         3
 Irradiate                Conj/Tmut      11%          38%         5
 Yara's Violent Unravell  Hex/Tmut       11%          38%         5
 Airstrike                Air            3%           71%         4
 Hailstorm                Conj/Ice       7%           71%         4
 Summon Ice Beast         Ice/Summ       7%           71%         4
 Lightning Bolt           Conj/Air       3%           96%         5
 Metabolic Englaciation   Hex/Ice        3%           96%         5
 Dragon Form              Tmut           18%          87%         7
 Statue Form              Tmut/Erth      14%          92%         6


Dungeon Overview and Level Annotations

Branches:
Dungeon (9/15)             Temple (1/1) D:7            Lair (0/6) D:8
Ossuary (visited)
    Orc: D:9-12

Altars:
Ashenzari
Cheibriados
Dithmenos
Elyvilon
Fedhas
Gozag
Kikubaaqudgha
Makhleb
Nemelex Xobeh
Okawaru
Qazlal
Ru
Sif Muna
Trog
Uskayaw
Vehumet
Wu Jian
Xom
Yredelemnul
Zin
The Shining One

Shops:
D:7 (*?   D:9 [


Innate Abilities, Weirdness & Mutations

You cannot wear most types of armour.
You are very stealthy in the water. (Stealth+)
You are amphibious.
You can wear up to eight rings at the same time.
You can use your tentacles to constrict eight enemies at once.
Your skin changes colour to match your surroundings (Stealth+).
Your rubbery body absorbs attacks. (AC +1, EV +1)
You occasionally shout uncontrollably at your foes.


Message History

The yak is no longer distracted by gold.
The yak is severely wounded.
The yak barely misses you. The yak closely misses you.
Casting: Blade Hands (quite dangerous; 36% risk of failure)
Confirm with . or Enter, or press ? or * to list all spells.
The spell is quite dangerous to cast (36% risk of failure)!
Continue anyway? [Y]es or [N]o only, please.
The spell is quite dangerous to cast (36% risk of failure)!
Continue anyway?
Okay, then.
You slash the yak!
The yak is almost dead.
The yak barely misses you. The yak gores you!
* * * LOW HITPOINT WARNING * * *
Unknown command.
You hit the yak but do no damage. Your squeeze misses the yak.
The yak is almost dead.
Your tentacles revert to their normal proportions.
The yak gores you!
You die...
Your body crumbles into a pile of gold.

##....##......# #
###..##......### #
#......(.....### ####
#####.....#....###...
##.##.##.........
#.##..##.##.....
#.###...........
###.# #####.......
#@Y.# ##....###.
#Y#######....## #.
###.##..........###.
#...##..###.....##..
#.#####.##...##'##.#
#.# #.....##⌠.⌠###
#.#####..#..##...##
###.......##..#._._.#
#.....#######.###8###


You could see 2 yaks.

Vanquished Creatures
  A two-headed ogre (D:8)
  A komodo dragon (D:8)
  7 yaks
  2 basilisks (D:8)
  A wyvern (D:8)
  A swamp drake (D:8)
  2 ice beasts
  3 eyes of draining (D:5)
  3 sky beasts
  An ogre (D:9)
  4 centaurs
  2 elf zombies (Ossuary)
  6 bullfrogs
  A scorpion (D:6)
  2 killer bees (D:7)
  8 wights
  2 howler monkeys
  A centaur zombie (D:5)
  A bullfrog zombie (D:5)
  2 hounds
  7 orc priests
  2 human zombies (Ossuary)
  3 centaur skeletons
  A jelly (D:6)
  An iguana (D:7)
  4 worker ants
  11 orc wizards
  2 big kobold zombies (Ossuary)
  A hound skeleton (D:6)
  2 mummies (Ossuary)
  A worker ant zombie (D:6)
  3 gnolls (D:4)
  8 adders
  A white imp (D:7)
  An ufetubus (D:7)
  2 oozes
  5 adder zombies
  5 adder skeletons
  4 worms
  A dart slug (D:1)
  3 leopard geckos
  29 orcs
  2 ball pythons (D:3)
  9 bats
  A bat skeleton (D:2)
  4 giant cockroaches
  16 hobgoblins
  13 jackals
  7 kobolds
  3 quokkas
  3 frilled lizards
  11 goblins
  A goblin zombie (Ossuary)
  9 hobgoblin zombies (Ossuary)
  3 jackal zombies
  7 kobold zombies (Ossuary)
  A leopard gecko skeleton (D:2)
  10 orc zombies (Ossuary)
  A quokka skeleton (D:7)
  A quokka zombie (D:2)
  9 rats
259 creatures vanquished.

Vanquished Creatures (collateral kills)
  3 killer bees (D:7)
3 creatures vanquished.

Vanquished Creatures (others)
  3 withered plants (D:2)
3 creatures vanquished.

Grand Total: 265 creatures vanquished

Notes
Turn   | Place    | Note
-------+----------+-------------------------------------------
     0 | D:1      | Zeld the Octopode Transmuter began the quest for the Orb.
     0 | D:1      | Reached XP level 1. HP: 13/13 MP: 3/3
   368 | D:1      | Reached XP level 2. HP: 17/18 MP: 3/5
   486 | D:1      | Learned a level 2 spell: Wereblood
   774 | D:1      | Reached XP level 3. HP: 12/23 MP: 6/6
   778 | D:1      | Learned a level 3 spell: Spider Form
  1629 | D:2      | Found a faded altar of an unknown god.
  1677 | D:2      | Reached XP level 4. HP: 27/28 MP: 8/8
  2100 | D:2      | Reached skill level 3 in Transmutations
  2432 | D:2      | Noticed a centaur
  2442 | D:2      | Killed a centaur
  2443 | D:2      | Reached XP level 5. HP: 13/34 MP: 5/10
  2448 | D:2      | Learned a level 4 spell: Ice Form
  3454 | D:3      | Reached XP level 6. HP: 39/39 MP: 11/11
  3829 | D:4      | Reached skill level 4 in Transmutations
  4783 | D:5      | Entered Level 5 of the Dungeon
  4974 | D:5      | Reached XP level 7. HP: 44/45 MP: 9/13
  6168 | D:5      | Reached skill level 5 in Transmutations
  6542 | D:5      | Reached XP level 8. HP: 19/52 MP: 15/15
  6554 | D:5      | Learned a level 5 spell: Blade Hands
  6770 | D:5      | Reached skill level 5 in Spellcasting
  7078 | D:5      | Found a bloodstained altar of Trog.
  7464 | D:6      | Reached skill level 6 in Transmutations
  8237 | D:6      | Reached XP level 9. HP: 53/59 MP: 15/18
  8360 | D:6      | Found a snail-covered altar of Cheibriados.
  8488 | D:6      | Reached skill level 5 in Dodging
  8491 | D:6      | HP: 1/59 [orc/+0 hand axe (8)]
  9070 | D:7      | Found a sand-covered staircase.
  9075 | Ossuary  | Entered an ossuary
  9585 | Ossuary  | Reached skill level 7 in Transmutations
  9898 | D:7      | Found Houv's Magic Scroll Boutique.
  9902 | D:7      | Bought a scroll of identify for 28 gold pieces
  9902 | D:7      | Bought a scroll of identify for 28 gold pieces
  9902 | D:7      | Bought a scroll of identify for 28 gold pieces
  9902 | D:7      | Bought a scroll of amnesia for 49 gold pieces
  9902 | D:7      | Bought 2 scrolls of magic mapping for 98 gold pieces
  9902 | D:7      | Bought a scroll of magic mapping for 49 gold pieces
  9945 | D:7      | Found Caukhe's General Store.
 10382 | D:7      | Found Xabampel's Weapon Shop.
 10672 | D:7      | Found a staircase to the Ecumenical Temple.
 10848 | D:6      | Reached skill level 5 in Fighting
 11233 | D:6      | Reached skill level 8 in Transmutations
 11664 | Temple   | Entered the Ecumenical Temple
 12106 | D:7      | Reached XP level 10. HP: 46/66 MP: 18/21
 13531 | D:7      | HP: 5/102 [poisoned by a killer bee]
 13536 | D:7      | HP: 4/102 [poisoned by a killer bee]
 13543 | D:7      | HP: 3/102 [poisoned by a killer bee]
 13550 | D:7      | HP: 3/102 [poisoned by a killer bee]
 13558 | D:7      | HP: 1/68 [poisoned by a killer bee]
 14382 | D:8      | Found a broken altar of Ashenzari.
 14889 | D:8      | Learned a level 6 spell: Hydra Form
 14939 | D:8      | Found a bloodstained altar of Trog.
 14956 | D:8      | Found a glowing silver altar of Zin.
 14956 | D:8      | Found a sparkling altar of Nemelex Xobeh.
 15326 | D:8      | Noticed a two-headed ogre
 15363 | D:8      | Reached skill level 9 in Transmutations
 15713 | Temple   | Became a worshipper of Gozag Ym Sagoz the Greedy
 16238 | D:8      | Found a staircase to the Lair.
 16251 | D:8      | Gained mutation: You occasionally shout uncontrollably at
                  | your foes. [mutagenic glow]
 16393 | D:8      | Found a staircase to the Lair.
 16596 | D:8      | Found a glowing silver altar of Zin.
 16598 | D:8      | Found a sparkling altar of Nemelex Xobeh.
 16741 | D:8      | Killed a two-headed ogre
 16840 | D:8      | Found a broken altar of Ashenzari.
 16843 | D:8      | Found a bloodstained altar of Trog.
 17154 | D:9      | Found Heff's Antique Armour Shop.
 17192 | D:8      | Mangled by a yak

Illustrated notes

Levels and vault maps discovered:
D:1:      wheals_arrival_linesprint, layout_basic, st_stairs_14,
          serial_park_tiny_1, chequers_serial_rivers_micro_b
D:2:      layout_basic, chequers_ecumenical_altar_simple_redux, serial_undead,
          serial_undead_f, serial_undead_e, serial_undead_b, serial_undead_d,
          minmay_tetromino_i2
D:3:      layout_rooms
D:4:      layout_loops_ring, serial_glass, glass_columns_c, glass_columns_a,
          glass_columns_b, item_on_display_a, item_on_display_a,
          due_unseen_surprise, minmay_strange_pillars
D:5:      layout_loops_ring, trog_eyes_of_draining
D:6:      minmay_angry_zag, layout_loops_ring, slow_altar_2, serial_park_tiny_1
D:7:      layout_gridville, minmay_temple_entry_arrows, enter_ossuary_2,
          serial_shops, shop_statue, nicolae_shop_statue_plus,
          nicolae_shop_crystal
D:8:      layout_rooms, gammafunk_temple_overflow_statue,
          nicolae_overflow_hidden_temple, erik_lair_dragon
D:9:      layout_stronghold, kennysheep_mini, serial_shops,
          nicolae_shop_statue_plus
Temple:   nicolae_temple_elliptical

Skill      XL: |  1  2  3  4  5  6  7  8  9 10 |
---------------+-------------------------------+-----
Transmutations | 3 4 5 6 8 9 |  9.5
Spellcasting   | 3 4 6 7 8 |  8.7
Fighting       | 2 3 4 5 6 |  6.4
Dodging        | 3 4 6 |  6.9
Unarmed Combat | |  3.0

Action                   |  1- 3 |  4- 6 |  7- 9 | 10-12 || total
-------------------------+-------+-------+-------+-------++-------
Melee: Unarmed           |    76 |   180 |   309 |   125 ||   690
       Constrict         |    23 |    43 |    38 |    18 ||   122
       Kick              |    11 |    30 |       |       ||    41
       Tentacles         |    14 |    30 |    32 |     9 ||    85
       Punch             |       |     2 |     4 |     3 ||     9
 Cast: Beastly Appendage |    21 |    28 |     1 |       ||    50
       Spider Form       |       |     5 |    18 |       ||    23
       Wereblood         |       |       |     2 |       ||     2
       Blade Hands       |       |       |    23 |    28 ||    51
       Ice Form          |       |       |     1 |       ||     1
       Hydra Form        |       |       |       |     1 ||     1
  Use: Scroll            |       |       |    11 |     4 ||    15
       Potion            |       |       |       |     1 ||     1
 Stab: Sleeping          |       |    10 |     1 |     1 ||    12
       Distracted        |       |     1 |       |       ||     1
Armor: Skin              |    10 |    16 |    14 |     5 ||    45
Dodge: Dodged            |    43 |   134 |   215 |   105 ||   497
Block: Other             |       |       |    47 |    22 ||    69
       Reflection        |       |       |     1 |       ||     1
